 Dungeon Crawl Stone Soup version 0.16.1-11-g651b585 (webtiles) character file.

461 hulla the Stinger (level 7, -4/47 HPs)
             Began as an Octopode Transmuter on Apr 7, 2015.
             Slain by a gnoll
             ... wielding a +1 spear of chaos
              (9 damage)
             ... on level 5 of the Dungeon.
             The game lasted 00:20:08 (3603 turns).

hulla the Stinger (Octopode Transmuter)             Turns: 3603, Time: 00:20:08

Health: -4/47      AC:  8    Str:  9    XL:     7   Next: 7%
Magic:  11/12      EV: 12    Int: 18    God:
Gold:   143        SH:  0    Dex: 12    Spells: 3 memorised, 4 levels left

rFire  . . .     SeeInvis .     q - +3 short sword (protect)
rCold  . . .     Clarity  +     (no shield)
rNeg   . . .     SustAb   .     (helmet restricted)
rPois  .         Gourm    .     g - amulet of clarity
rElec  .         Spirit   .     m - +2 ring of protection
rCorr  .         Warding  .     (no ring)
rMut   .         Stasis   .     (no ring)
MR     .....                    (no ring)
Stlth  ++........               (no ring)
                                (no ring)
                                (no ring)
                                (no ring)

@: lethally poisoned (-4 -> -7), drained, not resistant to hostile enchantments,
unstealthy
A: almost no armour, amphibious, 8 rings, constrict 8, camouflage 1, gelatinous
body 1
a: no special abilities


You were on level 5 of the Dungeon.
You were not hungry.

You visited 1 branch of the dungeon, and saw 5 of its levels.

You collected 143 gold pieces.

Inventory:

Hand weapons
 a - a +0 hunting sling
 e - a +0 spear
 q - a +3 short sword of protection (weapon)
 s - a +0 blowgun
Missiles
 b - 49 arrows
 i - 4 needles of slowing
 n - 95 stones (quivered)
 t - 25 poisoned needles
 y - 14 arrows of dispersal
Jewellery
 g - an amulet of clarity (around mantle)
 m - a +2 ring of protection (left tentacle)
Magical devices
 j - a wand of frost (19)
Scrolls
 h - a scroll of recharging
 o - a scroll of remove curse
 r - 6 scrolls of identify
 u - a scroll of random uselessness
 v - a scroll of enchant weapon
Potions
 z - a potion of resistance {unknown}
Books
 d - a book of Changes

   Spells                             Type                      Level
   a - Beastly Appendage              Transmutation                1
   b - Sticks to Snakes               Transmutation                2
   c - Spider Form                    Transmutation/Poison         3
   d - Ice Form                       Ice/Transmutation            4
   e - Blade Hands                    Transmutation                5
Comestibles
 c - 2 beef jerkies
 f - 6 fruits
 k - a royal jelly
 l - 4 bread rations
 p - 3 meat rations
 w - 6 chunks of flesh


   Skills:
 + Level 3.8 Fighting
 - Level 2.0(1.9) Dodging
 - Level 3.0(2.9) Unarmed Combat
 - Level 2.0(1.9) Spellcasting
 - Level 4.3 Transmutations
 - Level 5.1 Poison Magic


You had 4 spell levels left.
You knew the following spells:

 Your Spells              Type           Power        Failure   Level  Hunger
a - Beastly Appendage     Trmt           ###...       3%          1    #......
b - Spider Form           Trmt/Pois      ###.......   10%         3    ###....
c - Sticks to Snakes      Trmt           ###.......   6%          2    ###....


Dungeon Overview and Level Annotations

Branches:
Dungeon (5/15)
 Temple: D:4-7

Altars:
Ashenzari
Gozag
Kikubaaqudgha
Nemelex Xobeh
Zin
The Shining One

Annotations:
D:4 Prince Ribbit
D:5 1 exclusion


Innate Abilities, Weirdness & Mutations

You cannot wear most types of armour.
You are amphibious.
You can wear up to eight rings at the same time.
You can use your tentacles to constrict many enemies at once.
Your skin changes colour to match your surroundings (Stealth).
Your rubbery body absorbs attacks (AC +1).


Message History

a dagger of chaos; a gnoll corpse You feel sick.
You feel sick.
You feel sick.
You feel sick.
You feel sick.
A gnoll comes into view. It is wielding a spear of chaos.
Your transformation is almost over.
You feel sick.
You feel sick.
You feel sick.
You feel sick.
You feel sick.
You feel sick.
Your transformation has ended.
Your +3 short sword of protection unmelds from your body.
You feel protected!
You feel sick.
You feel sick.
The gnoll hits you from afar with a spear of chaos!
You die...

g#.≈##. #.# #.#.##
#g# ## #..# ##.#
###.## ⌠. #..# #....#
##g## ##....# #..#
.#...#..########.##
≈≈≈...##......g.g.g.#
.....#......@.#######
≈≈...........#
#≈.#.####.#### §§≈
#≈.. ###.###
§§≈###≈..###.....###
§§≈§§§§.##.........#
...§§..............#
≈§§§≈≈§.##.........#
§§§###≈.##.........#


You could see 3 gnolls.

Vanquished Creatures
  A centaur (D:3)
  2 scorpions
  An orc priest (D:5)
  2 orc wizards
  Jessica (D:3)
  Terence (D:3)
  3 gnolls (D:5)
  4 adders
  A giant mite (D:4)
  3 worms
  2 giant geckos
  4 oozes
  5 orcs
  7 hobgoblins
  2 jackals (D:3)
  3 ball pythons (D:1)
  7 bats
  A giant cockroach (D:3)
  A giant gecko skeleton (D:4)
  6 goblins
  A jackal zombie (D:4)
  10 kobolds
  12 rats
80 creatures vanquished.

Notes
Turn   | Place    | Note
--------------------------------------------------------------
     0 | D:1      | hulla, the Octopode Transmuter, began the quest for the Orb.
     0 | D:1      | Reached XP level 1. HP: 13/13 MP: 3/3
   192 | D:1      | Reached XP level 2. HP: 15/18 MP: 2/4
   531 | D:2      | Reached XP level 3. HP: 23/23 MP: 6/6
   536 | D:2      | Learned a level 3 spell: Spider Form
   539 | D:2      | Learned a level 2 spell: Sticks to Snakes
   673 | D:2      | Reached skill level 1 in Poison Magic
   993 | D:2      | Reached XP level 4. HP: 24/28 MP: 5/7
  1028 | D:2      | Found a sparkling altar of Nemelex Xobeh.
  1347 | D:3      | Found a shattered altar of Ashenzari.
  1399 | D:3      | Noticed a centaur
  1411 | D:3      | Killed a centaur
  1411 | D:3      | Reached skill level 4 in Poison Magic
  1411 | D:3      | Reached XP level 5. HP: 24/33 MP: 5/9
  1431 | D:3      | Noticed Jessica
  1437 | D:3      | Killed Jessica
  1437 | D:3      | Reached skill level 5 in Poison Magic
  1740 | D:3      | Noticed Terence
  1772 | D:3      | Killed Terence
  1772 | D:3      | Reached XP level 6. HP: 9/39 MP: 3/10
  2368 | D:4      | Noticed Prince Ribbit
  2454 | D:4      | Found a glowing silver altar of Zin.
  2955 | D:4      | Found an opulent altar of Gozag.
  3292 | D:5      | Entered Level 5 of the Dungeon
  3415 | D:5      | Found a glowing golden altar of the Shining One.
  3416 | D:5      | Found an ancient bone altar of Kikubaaqudgha.
  3557 | D:5      | Reached XP level 7. HP: 42/46 MP: 8/12
  3603 | D:5      | Slain by a gnoll

Action                   |  1- 3 |  4- 6 |  7- 9 || total
-------------------------+-------+-------+-------++-------
Melee: Unarmed           |    11 |    41 |    10 ||    62
       Short sword       |    49 |    82 |       ||   131
Throw: Stone             |       |    10 |       ||    10
 Cast: Beastly Appendage |    12 |    11 |       ||    23
       Spider Form       |       |     7 |     1 ||     8
       Sticks to Snakes  |       |     2 |       ||     2
 Abil: End Transformatio |       |     2 |       ||     2
  Use: Scroll            |     4 |     5 |     1 ||    10
       Potion            |     2 |     2 |       ||     4
 Stab: Sleeping          |     2 |     5 |       ||     7
  Eat: Chunk             |       |     9 |       ||     9
       Pizza             |       |     1 |       ||     1
